 Dungeon Crawl Stone Soup version 0.31-a0-344-gd109795599 (webtiles) character file.

Game seed: 9233578344678484930

659 AIAndy the Magician (level 7, 0/45 HPs)
             Began as a Djinni Fire Elementalist on July 22, 2023.
             Was an Initiate of Ashenzari.
             Slain by an orc priest
             ... wielding a +0 mace
              (3 damage)
             ... on level 5 of the Dungeon.
             The game lasted 00:11:01 (3690 turns).

AIAndy the Magician (Djinni Fire Elementalist)      Turns: 3690, Time: 00:11:02

Health: 0/45       AC:  3    Str:  7    XL:     7   Next: 86%
Gold:   211        EV: 12    Int: 18    God:    Ashenzari [......] SH:  0 Dex: 14

rFire   + + .        m - +10 flail of Muunuar {flame, rCorr}
rCold   x . .        (no shield)
rNeg    . . .        a - +0 robe
rPois   ∞            j - +0 helmet
rElec   .            (no cloak)
rCorr   +            (no gloves)
SInv    .            (boots unavailable)
Will    +....        (no amulet)
Stlth   ++           i - ring of willpower
HPRegen 0.27/turn    Z - ring of wizardry
MPRegen 0.00/turn

%: wizardry (x1), infuse magic (-1 HP)
@: flying
A: sickness immunity, fire resistance 2, cold vulnerability 1, float, innate
caster, HP casting, extra vitality 1
a: Renounce Religion


You were on level 5 of the Dungeon.
You worshipped Ashenzari.
Ashenzari was noncommittal.
You visited 1 branch of the dungeon, and saw 5 of its levels.

You collected 211 gold pieces.


Innate Abilities, Weirdness & Mutations

You are immune to sickness and miasma.
You are immune to poison.
Your flesh is very heat resistant. (rF++)
You are vulnerable to cold. (rC-)
You float through the air rather than walking.
You learn spells naturally, not from books.
Your magical power is your life essence.
You have superior vitality. (+4 MHP)


   Skills:
 - Level 2.1 Dodging
 - Level 1.5 Stealth
 + Level 6.6 Spellcasting
 + Level 6.6 Conjurations
 + Level 6.6 Hexes
 + Level 6.6 Summonings
 + Level 6.6 Necromancy
 + Level 6.6 Translocations
 + Level 6.6 Transmutations
 + Level 6.6 Fire Magic
 + Level 6.6 Ice Magic
 + Level 6.6 Air Magic
 + Level 6.6 Earth Magic
 + Level 6.6 Poison Magic


You knew the following spells:

 Your Spells              Type           Power      Damage    Failure   Level
a - Flame Wave            Conj/Fire      30%        2d9       2%          4
b - Kiss of Death         Conj/Necr      100%       2d13      1%          1
c - Wereblood             Tmut           30%        N/A       1%          2
d - Dazzling Flash        Conj/Hex       60%        N/A       1%          3
f - Inner Flame           Hex/Fire       30%        N/A       1%          3
X - Foxfire               Conj/Fire      100%       2x1d9     1%          1
Y - Scorch                Fire           60%        2d7       1%          2
Z - Volatile Blastmotes   Fire/Tloc      60%        2d15      1%          3
Your spell library was empty.

Inventory:

Hand Weapons
 m - the +10 flail of Muunuar (weapon) {flame, rCorr}
   (You found it on level 4 of the Dungeon)

   rCorr:     It protects you from acid and corrosion.
Armour
 a - a +0 robe (worn)
 j - a +0 helmet (worn)
Jewellery
 i - a ring of willpower (left hand)
 Z - a ring of wizardry (right hand)
Scrolls
 e - 3 scrolls of enchant weapon {unknown}
 f - 2 scrolls of vulnerability {unknown}
 g - 3 scrolls of identify {unknown}
 h - 6 scrolls of teleportation {unknown}
 k - 2 scrolls of amnesia {unknown}
 o - a scroll of immolation {unknown}
Potions
 b - a potion of curing {unknown}
 c - a potion of magic {unknown}
 d - 3 potions of brilliance {unknown}
 l - a potion of enlightenment {unknown}
 n - a potion of attraction {unknown}

Dungeon Overview and Level Annotations

Branches:
Dungeon (5/15)
 Temple: D:4-7

Altars:
Ashenzari

Shops:
D:1 [ D:5

(
...............##.#...##
........####....⌠.##'#..
........# #....#........
.......# #.#####.......
#.)...# #.#...#.......
#.....# #.'...+...⚑...
#...))# #.#...#.......
#o# #.###.#....... #@#
#....#........
#.#####..#⌠.##+.#. #...#
##.###....##
###.###.........#.
#.........#...#.
#######.#.##.##.
#.#...†... #....#####
######


You could see an orc priest (combustible).


Message History

The orc hits you with a +0 club.
* * * LOW HITPOINT WARNING * * *
Casting: Scorch (safe; 1% risk of failure)
Confirm with . or Enter, or press ? or * to list all spells.
Flames lash the orc.
The orc is burned terribly!
You kill the orc!
* * * LOW HITPOINT WARNING * * *
The orc throws a boomerang.
The boomerang hits you.
* * * LOW HITPOINT WARNING * * *
The orc priest hits you with a +0 mace.
* * * LOW HITPOINT WARNING * * *
Casting: Scorch (safe; 1% risk of failure)
Confirm with . or Enter, or press ? or * to list all spells.
Flames lash the orc.
You kill the orc!
* * * LOW HITPOINT WARNING * * *
The orc priest is no longer more vulnerable to fire.
The orc priest hits you but does no damage.
The orc priest hits you with a +0 mace.
* * * LOW HITPOINT WARNING * * *
Casting: Scorch (safe; 1% risk of failure)
Confirm with . or Enter, or press ? or * to list all spells.
Flames lash the orc priest.
The orc priest is heavily wounded.
The orc priest's fire resistance burns away.
* * * LOW HITPOINT WARNING * * *
The orc priest hits you with a +0 mace.
* * * LOW HITPOINT WARNING * * *
The orc priest hits you with a +0 mace.
You die...

Skill      XL: |  1  2  3  4  5  6  7 |
---------------+----------------------+-----
Spellcasting   | 4 5 6 |  6.6
Conjurations   | 4 5 6 |  6.6
Hexes          | 4 5 6 |  6.6
Summonings     | 4 5 6 |  6.6
Necromancy     | 4 5 6 |  6.6
Translocations | 4 5 6 |  6.6
Transmutations | 4 5 6 |  6.6
Fire Magic     | 4 5 6 |  6.6
Ice Magic      | 4 5 6 |  6.6
Air Magic      | 4 5 6 |  6.6
Earth Magic    | 4 5 6 |  6.6
Poison Magic   | 4 5 6 |  6.6
Dodging        | |  2.1
Stealth        | |  1.5

Action                     |  1- 3 |  4- 6 |  7- 9 || total
---------------------------+-------+-------+-------++-------
  Melee: Unarmed           |     1 |       |       ||     1
   Cast: Foxfire           |    46 |    83 |    19 ||   148
         Scorch            |    16 |    26 |    16 ||    58
 Armour: Robe              |     2 |     4 |     1 ||     7
  Dodge: Dodged            |     6 |     5 |     7 ||    18

Levels and vault maps discovered:
D:1:      wander_arrival_peaceful_grave, layout_loops_cross, serial_shops, shop,
          minmay_distorted
D:2:      layout_loops_corners, uniq_jessica, uniq_robin, uniq_terence
D:3:      layout_loops_ring, nicolae_ecumenical_snake_handling
D:4:      layout_rooms
D:5:      layout_basic, mainiacjoe_overflow_concentric_impassable,
          nicolae_overflow_hidden_temple, evilmike_ruin_ashenzari, serial_shops,
          shop

Notes
Turn   | Place    | Note
-------+----------+-------------------------------------------
     0 | D:1      | Reached skill level 3 in Spellcasting
     0 | D:1      | Reached skill level 3 in Conjurations
     0 | D:1      | Reached skill level 3 in Hexes
     0 | D:1      | Reached skill level 3 in Summonings
     0 | D:1      | Reached skill level 3 in Necromancy
     0 | D:1      | Reached skill level 3 in Translocations
     0 | D:1      | Reached skill level 3 in Transmutations
     0 | D:1      | Reached skill level 3 in Fire Magic
     0 | D:1      | Reached skill level 3 in Ice Magic
     0 | D:1      | Reached skill level 3 in Air Magic
     0 | D:1      | Reached skill level 3 in Earth Magic
     0 | D:1      | Reached skill level 3 in Poison Magic
     0 | D:1      | AIAndy the Djinni Fire Elementalist began the quest for the
                  | Orb.
     0 | D:1      | AIAndy set off with the following spells memorised:
                  | Foxfire, Scorch, Volatile Blastmotes, Inner Flame, Flame
                  | Wave.
     0 | D:1      | Reached XP level 1. HP: 15/15 MP: 0/0
   116 | D:1      | Reached XP level 2. HP: 16/21 MP: 0/0
   699 | D:1      | Found Cenaoh's Antique Armour Emporium.
   771 | D:2      | Reached XP level 3. HP: 20/25 MP: 0/0
   771 | D:2      | Learned a level 1 spell: Kiss of Death
   836 | D:2      | Noticed Robin
   849 | D:2      | Killed Robin
   917 | D:2      | Reached XP level 4. HP: 18/31 MP: 0/0
  1150 | D:2      | Noticed Terence
  1158 | D:2      | Killed Terence
  1159 | D:2      | Reached skill level 4 in Spellcasting
  1159 | D:2      | Reached skill level 4 in Conjurations
  1159 | D:2      | Reached skill level 4 in Hexes
  1159 | D:2      | Reached skill level 4 in Summonings
  1159 | D:2      | Reached skill level 4 in Necromancy
  1159 | D:2      | Reached skill level 4 in Translocations
  1159 | D:2      | Reached skill level 4 in Transmutations
  1159 | D:2      | Reached skill level 4 in Fire Magic
  1159 | D:2      | Reached skill level 4 in Ice Magic
  1159 | D:2      | Reached skill level 4 in Air Magic
  1159 | D:2      | Reached skill level 4 in Earth Magic
  1159 | D:2      | Reached skill level 4 in Poison Magic
  1523 | D:2      | Noticed Jessica
  1526 | D:2      | Killed Jessica
  1527 | D:2      | Reached XP level 5. HP: 30/35 MP: 0/0
  1527 | D:2      | Learned a level 2 spell: Wereblood
  2174 | D:3      | Found a faded altar of an unknown god.
  2470 | D:3      | Reached skill level 5 in Spellcasting
  2470 | D:3      | Reached skill level 5 in Conjurations
  2470 | D:3      | Reached skill level 5 in Hexes
  2470 | D:3      | Reached skill level 5 in Summonings
  2470 | D:3      | Reached skill level 5 in Necromancy
  2470 | D:3      | Reached skill level 5 in Translocations
  2470 | D:3      | Reached skill level 5 in Transmutations
  2470 | D:3      | Reached skill level 5 in Fire Magic
  2470 | D:3      | Reached skill level 5 in Ice Magic
  2470 | D:3      | Reached skill level 5 in Air Magic
  2470 | D:3      | Reached skill level 5 in Earth Magic
  2470 | D:3      | Reached skill level 5 in Poison Magic
  2651 | D:4      | Reached XP level 6. HP: 38/40 MP: 0/0
  2677 | D:4      | Noticed a black bear
  2694 | D:4      | Killed a black bear
  2791 | D:4      | Identified the +10 flail of Muunuar {flame, rCorr}
  3019 | D:4      | Reached XP level 7. HP: 43/45 MP: 0/0
  3019 | D:4      | Learned a level 3 spell: Dazzling Flash
  3223 | D:5      | Entered Level 5 of the Dungeon
  3253 | D:5      | Found Fuso's Antique Weapon Emporium.
  3272 | D:5      | Reached skill level 6 in Spellcasting
  3272 | D:5      | Reached skill level 6 in Conjurations
  3272 | D:5      | Reached skill level 6 in Hexes
  3272 | D:5      | Reached skill level 6 in Summonings
  3272 | D:5      | Reached skill level 6 in Necromancy
  3272 | D:5      | Reached skill level 6 in Translocations
  3272 | D:5      | Reached skill level 6 in Transmutations
  3272 | D:5      | Reached skill level 6 in Fire Magic
  3272 | D:5      | Reached skill level 6 in Ice Magic
  3272 | D:5      | Reached skill level 6 in Air Magic
  3272 | D:5      | Reached skill level 6 in Earth Magic
  3272 | D:5      | Reached skill level 6 in Poison Magic
  3506 | D:5      | Found a broken altar of Ashenzari.
  3651 | D:5      | Became a worshipper of Ashenzari the Shackled
  3689 | D:5      | HP: 3/45 [orc priest/+0 mace (3)]
  3690 | D:5      | Slain by an orc priest

Vanquished Creatures
  A black bear (D:4)
  An ice beast (D:5)
  2 scorpions (D:5)
  2 hounds (D:4)
  Jessica (D:2)
  2 orc wizards
  Terence (D:2)
  An iguana (D:5)
  Robin (D:2)
  6 adders
  2 ufetubi
  2 worms
  2 dart slugs
  5 orcs
  4 bats
  7 endoplasms
  4 giant cockroaches
  9 goblins
  10 hobgoblins
  3 jackals
  4 quokkas
  4 ball pythons (D:3)
  7 frilled lizards
  8 kobolds
  4 rats
93 creatures vanquished.

Vanquished Creatures (others)
  233 foxfires
233 creatures vanquished.

Grand Total: 326 creatures vanquished

Table legend: (Time is in decaauts)
 A = Elapsed time spent in this place.
 B = Non-inter-level travel time spent in this place.
 C = Inter-level travel time spent in this place.
 D = Time resting spent in this place.
 E = Time spent auto-exploring this place.
 F = Levels seen in this place.
 G = Mean time per level.
                   A        B        C        D        E       F      G
               +--------+--------+--------+--------+--------+-----+--------+
         Total |   3687 |   3579 |    108 |      0 |   3026 |   5 |  737.4 |
       Dungeon |   3687 |   3579 |    108 |      0 |   3026 |   5 |  737.4 |
               +--------+--------+--------+--------+--------+-----+--------+

Top non-repeatable levels by time:
     D:2: 1133 daAuts
     D:1: 767 daAuts
     D:3: 724 daAuts
     D:4: 595 daAuts
     D:5: 466 daAuts

Table legend:
 A = Non-vault XP
 B = Vault XP
 C = Vault XP percentage of total XP
 D = Non-vault monster count
 E = Vault monster count
 F = Vault count percentage of total count
                 A         B        C        D         E       F
            +---------+---------+-------+---------+---------+-------
      Total |     799 |     143 |  15.2 |      73 |      20 |  21.5
            +---------+---------+-------+---------+---------+-------
        D:1 |      24 |       4 |  14.3 |      15 |       2 |  11.8
        D:2 |      46 |     109 |  70.3 |      13 |      14 |  51.9
        D:3 |      49 |      30 |  38.0 |      15 |       4 |  21.1
        D:4 |     305 |       0 |   0.0 |      21 |       0 |   0.0
        D:5 |     375 |       0 |   0.0 |       9 |       0 |   0.0
            +---------+---------+-------+---------+---------+-------
